 Dungeon Crawl Stone Soup version 0.28-a0-475-g7dc2aef8ca (webtiles) character file.

Game seed: 5494937056458323736

15335 fsknv the Geomancer (level 12, -12/72 HPs)
             Began as a Gargoyle Earth Elementalist on Sept 16, 2021.
             Was an Initiate of Vehumet.
             Mangled by a death knight (21 damage)
             ... on level 10 of the Dungeon.
             The game lasted 00:28:24 (15633 turns).

fsknv the Geomancer (Gargoyle Earth Elementalist)  Turns: 15633, Time: 00:28:24

Health: -12/72     AC: 21    Str: 13    XL:     12   Next: 25%
Magic:  6/23       EV: 13    Int: 20    God:    Vehumet [......]
Gold:   578        SH:  0    Dex: 10    Spells: 22/26 levels left

rFire   . . .      SeeInvis .   e - +1 flail (spect)
rCold   . . .      Faith    .   (no shield)
rNeg    + . .      Spirit   .   w - +0 steam dragon scales
rPois   ∞          Reflect  .   j - +1 helmet
rElec   +          Harm     .   (no cloak)
rCorr   .          Rampage  .   (no gloves)
Will    .....                   (no boots)
Stlth   ++........              q - amulet of magic regeneration
HPRegen 0.22/turn               f - +4 ring of protection
MPRegen 0.43/turn               (no ring)

@: no status effects
A: sickness immunity, AC +8, negative energy resistance 1, electricity
resistance, torment resistance 1, petrification resistance
a: Renounce Religion


You were on level 10 of the Dungeon.
You worshipped Vehumet.
Vehumet was noncommittal.
You visited 2 branches of the dungeon, and saw 12 of its levels.
You also visited: Ossuary.

You collected 578 gold pieces.

Inventory:

Hand Weapons
 d - a +0 mace
 e - a +1 spectral flail (weapon)
 n - a +7 club
 y - a +0 morningstar
 D - a +0 dire flail of holy wrath
Missiles
 c - 202 stones
Armour
 b - a +2 robe of the Archmagi
 j - a +1 helmet (worn)
 w - +0 steam dragon scales (worn)
Jewellery
 f - a +4 ring of protection (left hand)
 p - an amulet of reflection
 q - an amulet of magic regeneration (around neck)
Wands
 l - a wand of iceblast (17)
 s - a wand of mindburst (27)
 F - a wand of charming (5)
Scrolls
 h - a scroll of immolation
 r - 3 scrolls of teleportation
 v - 2 scrolls of fear
 x - 2 scrolls of enchant armour
 z - a scroll of amnesia
 A - 2 scrolls of fog
 G - a scroll of magic mapping
 I - a scroll of enchant weapon
Potions
 a - 2 potions of brilliance
 g - 3 potions of magic
 i - 3 potions of flight
 k - a potion of cancellation
 m - 2 potions of ambrosia
 o - 4 potions of haste {unknown}
 t - 3 potions of mutation {unknown}
 u - a potion of heal wounds {unknown}
 B - 5 potions of attraction
 C - a potion of degeneration {unknown}
 E - 3 potions of curing
 H - a potion of might


   Skills:
 + Level 7.0 Fighting
 + Level 6.4 Maces & Flails
 - Level 6.0 Armour
 + Level 5.6 Dodging
 - Level 2.1 Stealth
 + Level 7.6 Spellcasting
 + Level 8.4 Conjurations
 - Level 0.7 Transmutations
 + Level 10.2 Earth Magic
 + Level 5.8 Evocations


You had 22 spell levels left.
You knew the following spells:

 Your Spells              Type           Power      Damage    Failure   Level
a - Sandblast             Erth           96%        2d20      1%          1
b - Stone Arrow           Conj/Erth      88%        3d12      1%          3

Your spell library contained the following spells:

 Spells                   Type           Power      Damage    Failure   Level
 Magic Dart               Conj           100%       1d8       1%          1
 Passwall                 Tmut/Erth      24%        N/A       1%          2
 Animate Skeleton         Necr           14%        N/A       9%          1
 Apportation              Tloc           14%        N/A       9%          1
 Summon Small Mammal      Summ           28%        N/A       9%          1
 Mephitic Cloud           Conj/Pois/Air  18%        N/A       9%          3
 Petrify                  Tmut/Erth      29%        N/A       10%         4
 Call Imp                 Summ           7%         N/A       14%         2
 Call Canine Familiar     Summ           7%         N/A       26%         3
 Summon Guardian Golem    Hex/Summ       7%         N/A       26%         3
 Borgnjor's Vile Clutch   Necr/Erth      14%        N/A       30%         5
 Animate Dead             Necr           3%         N/A       65%         4
 Alistair's Intoxication  Tmut/Pois      6%         N/A       91%         5
 Summon Forest            Summ/Tloc      3%         N/A       94%         5
 Summon Mana Viper        Hex/Summ       7%         N/A       94%         5
 Death Channel            Necr           3%         N/A       100%        6
 Invisibility             Hex            3%         N/A       100%        6
 Summon Cactus Giant      Summ           3%         N/A       100%        6


Dungeon Overview and Level Annotations

Branches:
Dungeon (11/15)            Temple (1/1) D:7            Lair (0/6) D:10
    Orc (0/2) D:11        Ossuary (visited)

Altars:
Ashenzari
Cheibriados
Dithmenos
Elyvilon
Fedhas
Gozag
Hepliaklqana
Kikubaaqudgha
Makhleb
Nemelex Xobeh
Okawaru
Qazlal
Ru
Sif Muna
Trog
Uskayaw
Vehumet
Wu Jian
Xom
Yredelemnul
Zin
The Shining One
Lugonu


Innate Abilities, Weirdness & Mutations

You are immune to sickness and miasma.
Your stone body is resilient. (AC +8)
You are immune to poison.
You resist negative energy. (rN+)
You are resistant to electric shocks. (rElec)
You are resistant to unholy torment.
You are immune to petrification.


Message History

Aim: a death knight, wielding a +0 great sword and wearing a +0 chain mail (heavily wounded, reflecting injuries, 76% to hit)
The stone arrow hits the death knight!
The death knight is severely wounded.
The death knight reflects your damage back at you!
The death knight hits you with a +0 great sword!
Casting: Stone Arrow (safe; 1% risk of failure)
Confirm with . or Enter, or press ? or * to list all spells.
Aiming: Stone Arrow (safe; 1% risk of failure)
Press: ? - help, Shift-Dir - straight line, f/p - death knight
Aim: a death knight, wielding a +0 great sword and wearing a +0 chain mail (severely wounded, reflecting injuries, 76% to hit)
The stone arrow hits the death knight!
The death knight is severely wounded.
The death knight reflects your damage back at you!
The death knight hits you with a +0 great sword.
* * * LOW HITPOINT WARNING * * *
Casting: Stone Arrow (safe; 1% risk of failure)
Confirm with . or Enter, or press ? or * to list all spells.
Aiming: Stone Arrow (safe; 1% risk of failure)
Press: ? - help, Shift-Dir - straight line, f/p - death knight
Aim: a death knight, wielding a +0 great sword and wearing a +0 chain mail (severely wounded, reflecting injuries, 76% to hit)
The stone arrow hits the death knight!
The death knight is almost dead.
The death knight reflects your damage back at you!
* * * LOW HITPOINT WARNING * * *
The death knight closely misses you.
Unknown command.
Casting: Stone Arrow (safe; 1% risk of failure)
Confirm with . or Enter, or press ? or * to list all spells.
You don't know that spell.
Casting: Stone Arrow (safe; 1% risk of failure)
Confirm with . or Enter, or press ? or * to list all spells.
Aiming: Stone Arrow (safe; 1% risk of failure)
Press: ? - help, Shift-Dir - straight line, f/p - death knight
Aim: a death knight, wielding a +0 great sword and wearing a +0 chain mail (almost dead, reflecting injuries, 76% to hit)
The stone arrow hits the death knight.
The death knight is almost dead.
The death knight reflects your damage back at you!
* * * LOW HITPOINT WARNING * * *
The death knight hits you with a +0 great sword!!
You die...

P♣♣.♣♣PP......................##.
♣♣..P♣♣.P........................
♣P....♣.♣#.......................
..._...P♣........................
♣P...P♣.♣...................#....
♣♣.))♣♣.P........b..........#....
.♣♣)♣♣PP.#.........).......###...
P.)P...≈≈#............).....#....
.P♣♣♣P.≈≈#......@.............#..
..# #####.......p.............#..
.## ###..#............>##.... ##
##..##..#...(......#.... #
#....................... #
##........#.............
###########...###..#.###.........
.........#....#....#...#.........
#######..>.......................


You could see a death knight (reflects damage).

Vanquished Creatures
  Erolcha (D:9)
  A hydra (D:9)
  4 two-headed ogres
  A deep elf pyromancer (D:11)
  4 gargoyles (D:9)
  A komodo dragon (D:11)
  A troll (D:10)
  Prince Ribbit (D:8)
  A hornet (D:9)
  A shadow (D:10)
  4 yaks (D:11)
  5 wraiths
  Eustachio (D:5)
  3 wyverns
  2 steam dragons
  2 vampire mosquitoes
  An acid dragon (D:9)
  3 water moccasins
  4 orc warriors
  A black bear (D:7)
  An ice beast (D:7)
  A sky beast (D:5)
  A necrophage (D:7)
  4 centaurs
  2 phantoms
  3 kobold brigands
  2 wyvern zombies
  2 bullfrogs (D:8)
  A gnoll sergeant (D:10)
  2 scorpions
  A water moccasin zombie (D:5)
  5 killer bees (D:10)
  2 vampire bats (D:6)
  9 wights
  A howler monkey (D:9)
  13 centaur zombies
  2 hounds
  7 orc priests
  4 bullfrog skeletons
  3 centaur skeletons
  3 iron imps (D:9)
  2 iguanas
  A scorpion zombie (D:5)
  Ijyb (D:3)
  Terence (D:3)
  10 orc wizards
  A killer bee zombie (D:9)
  A hound skeleton (D:4)
  2 howler monkey zombies
  8 gnolls
  5 adders
  2 white imps
  A worm zombie (D:6)
  3 adder zombies (Ossuary)
  An adder skeleton (D:5)
  3 worms
  3 dart slugs
  25 orcs
  10 bats
  3 bat skeletons (D:6)
  3 bat zombies (D:6)
  7 endoplasms
  2 giant cockroaches
  8 goblins
  10 hobgoblins
  2 jackals (D:1)
  3 quokkas
  6 ball pythons
  A ball python skeleton (Ossuary)
  A frilled lizard (D:1)
  2 hobgoblin skeletons (Ossuary)
  A hobgoblin zombie (Ossuary)
  26 kobolds
  A kobold zombie (D:6)
  6 rats
273 creatures vanquished.

Vanquished Creatures (others)
  3 plants (D:8)
3 creatures vanquished.

Grand Total: 276 creatures vanquished

Notes
Turn   | Place    | Note
-------+----------+-------------------------------------------
     0 | D:1      | fsknv the Gargoyle Earth Elementalist began the quest for
                  | the Orb.
     0 | D:1      | Reached XP level 1. HP: 10/10 MP: 3/3
   544 | D:1      | Reached skill level 4 in Earth Magic
   544 | D:1      | Reached XP level 2. HP: 8/15 MP: 1/5
  1358 | D:1      | Reached XP level 3. HP: 16/19 MP: 7/7
  1362 | D:1      | Learned a level 3 spell: Stone Arrow
  2591 | D:2      | Found a stormy altar of Qazlal.
  2607 | D:2      | Reached skill level 1 in Conjurations
  2607 | D:2      | Reached XP level 4. HP: 24/24 MP: 0/8
  3270 | D:2      | Reached skill level 5 in Earth Magic
  3317 | D:3      | Found a faded altar of an unknown god.
  3557 | D:3      | Reached XP level 5. HP: 13/28 MP: 6/10
  3778 | D:3      | Noticed Terence
  3809 | D:3      | Killed Terence
  4249 | D:3      | Noticed Ijyb
  4257 | D:3      | Killed Ijyb
  4707 | D:4      | Reached XP level 6. HP: 8/32 MP: 4/11
  4945 | D:4      | Found a hide-covered altar of Uskayaw.
  5168 | D:4      | Found a snail-covered altar of Cheibriados.
  5344 | D:4      | Reached skill level 6 in Earth Magic
  5387 | D:4      | Found a glowing golden altar of the Shining One.
  5405 | D:4      | Reached XP level 7. HP: 22/36 MP: 13/13
  5782 | D:4      | Found a shadowy altar of Dithmenos.
  5951 | D:5      | Entered Level 5 of the Dungeon
  6082 | D:5      | Found a stormy altar of Qazlal.
  6749 | D:5      | Reached skill level 1 in Fighting
  6749 | D:5      | Reached skill level 1 in Maces & Flails
  6749 | D:5      | Reached skill level 1 in Armour
  6749 | D:5      | Reached XP level 8. HP: 26/43 MP: 15/15
  7087 | D:5      | Noticed Eustachio
  7099 | D:5      | Killed Eustachio
  7100 | D:5      | Reached skill level 7 in Earth Magic
  7100 | D:5      | Reached skill level 1 in Evocations
  7417 | D:6      | Reached skill level 5 in Spellcasting
  7524 | D:6      | Found a sand-covered staircase.
  7534 | Ossuary  | Entered an ossuary
  7674 | Ossuary  | Reached skill level 5 in Conjurations
  8165 | Ossuary  | Noticed a flying skull
  8165 | Ossuary  | Noticed a wraith
  8172 | Ossuary  | Noticed a flying skull
  8174 | Ossuary  | Noticed a flying skull
  8204 | Ossuary  | Noticed a flying skull
  8210 | Ossuary  | Noticed a wraith
  8214 | Ossuary  | Killed a wraith
  8216 | Ossuary  | Noticed a flying skull
  8229 | Ossuary  | Noticed a wraith
  8235 | Ossuary  | Killed a wraith
  8236 | Ossuary  | Reached XP level 9. HP: 40/49 MP: 14/16
  8476 | D:6      | Found an ancient bone altar of Kikubaaqudgha.
  9099 | D:7      | Reached skill level 8 in Earth Magic
  9935 | D:8      | Reached XP level 10. HP: 54/56 MP: 18/18
  9970 | D:8      | Noticed Prince Ribbit
  9977 | D:8      | Killed Prince Ribbit
 10068 | D:8      | Found a sparkling altar of Nemelex Xobeh.
 10410 | D:8      | Found an iron altar of Okawaru.
 10493 | D:8      | Found a faded altar of an unknown god.
 10524 | D:8      | Found a faded altar of an unknown god.
 10524 | D:8      | Found a hazy altar of Hepliaklqana.
 10616 | D:9      | Noticed Erolcha
 10806 | D:9      | Killed Erolcha
 10882 | D:9      | Noticed a gargoyle
 10886 | D:9      | Killed a gargoyle
 11006 | D:9      | Noticed a gargoyle
 11009 | D:9      | Killed a gargoyle
 11013 | D:9      | Noticed a gargoyle
 11016 | D:9      | Killed a gargoyle
 11017 | D:9      | Reached skill level 5 in Fighting
 11023 | D:9      | Noticed a gargoyle
 11031 | D:9      | Killed a gargoyle
 11032 | D:9      | Reached skill level 5 in Armour
 11032 | D:9      | Reached skill level 9 in Earth Magic
 11495 | D:9      | Noticed a four-headed hydra
 11495 | D:9      | Found a runed translucent door.
 11668 | D:9      | Noticed a two-headed ogre
 11671 | D:9      | Killed a two-headed ogre
 11672 | D:9      | Reached skill level 5 in Maces & Flails
 11672 | D:9      | Reached XP level 11. HP: 56/64 MP: 11/21
 11748 | D:9      | Found a burning altar of Makhleb.
 11845 | D:9      | Found a blossoming altar of Fedhas.
 12230 | D:9      | Killed a four-headed hydra
 12696 | D:10     | Entered Level 10 of the Dungeon
 12727 | D:10     | Found a staircase to the Lair.
 13125 | D:10     | Found a basalt altar of Yredelemnul.
 13132 | D:10     | Reached skill level 5 in Evocations
 13156 | D:10     | Reached skill level 5 in Dodging
 13305 | D:10     | Found a white marble altar of Elyvilon.
 13527 | D:10     | Found a shimmering altar of Xom.
 13547 | D:10     | Noticed a two-headed ogre
 13552 | D:10     | Killed a two-headed ogre
 13607 | D:10     | Found a broken altar of Ashenzari.
 13613 | D:10     | Found a sacrificial altar of Ru.
 13618 | D:10     | Found a glowing silver altar of Zin.
 13964 | D:7      | Found a staircase to the Ecumenical Temple.
 13979 | Temple   | Entered the Ecumenical Temple
 14060 | Temple   | Became a worshipper of Vehumet
 14130 | D:11     | Noticed a two-headed ogre
 14136 | D:11     | Killed a two-headed ogre
 14140 | D:11     | Noticed a death knight
 14154 | D:10     | Reached skill level 10 in Earth Magic
 14250 | D:11     | Reached XP level 12. HP: 43/71 MP: 15/23
 14480 | D:11     | Found a staircase to the Orcish Mines.
 15240 | D:11     | Noticed a two-headed ogre
 15249 | D:11     | Killed a two-headed ogre
 15633 | D:10     | Mangled by a death knight

Illustrated notes

Levels and vault maps discovered:
D:1:      amcnicky_arrival_single_pillar, layout_basic
D:2:      layout_loops_ring, basic_altar, fountainhead
D:3:      layout_basic, ebering_ecumenical_altar_mist, minmay_pentomino_pile,
          uniq_terence, uniq_ijyb
D:4:      layout_loops_ring, nicolae_dithmenos_through_a_glass_darkly,
          nicolae_uskayaw_murder_on_the_dancefloor, slow_altar_1,
          minmay_ruined_shrine
D:5:      layout_cave_pods, mainiacjoe_overflow_paths, uniq_eustachio
D:6:      layout_cave_pools, kennysheep_vampire_church, enter_ossuary_3
D:7:      layout_basic, minmay_temple_entry_from_below_b
D:8:      layout_basic, nemelex_xobeh_ov_fountains_minmay,
          okawaru_ov_weapons_minmay, nicolae_hepliaklqana_ecumenical_no_more,
          uniq_prince_ribbit1
D:9:      cheibrodos_statue_roulette, layout_irregular_city,
          lemuel_crystal_altar, demons_altar, chequers_mini_garden,
          hangedman_decor_opposing, minmay_st_funbox, uniq_erolcha
D:10:     layout_cave_pools, nicolae_elyvilon_peaceful_grove,
          nicolae_yredelemnul_corpse_copse, mainiacjoe_overflow_24_doors,
          minmay_overflow_temple_star_quad, lair_entry_dummy
D:11:     layout_long_grid, david_orc_3, mumra_transporter_accident
Temple:   corrupted_temple

Skill      XL: |  1  2  3  4  5  6  7  8  9 10 11 12 |
---------------+-------------------------------------+-----
Earth Magic    | 4 5 6 7 8 9 10 | 10.2
Spellcasting   | 3 4 5 6 7 |  7.6
Conjurations   | 1 2 3 4 5 6 7 8 |  8.4
Fighting       | 1 2 4 5 6 7 |  7.0
Maces & Flails | 1 2 3 5 6 |  6.4
Armour         | 1 2 3 5 6 |  6.0
Dodging        | 2 3 4 5 |  5.6
Evocations     | 2 3 4 5 |  5.8
Stealth        | |  2.1
Transmutations | |  0.7

Action                   |  1- 3 |  4- 6 |  7- 9 | 10-12 || total
-------------------------+-------+-------+-------+-------++-------
Melee: Mace              |   108 |    57 |       |       ||   165
       Club              |       |    84 |    47 |       ||   131
       Flail             |       |       |   211 |   173 ||   384
 Cast: Sandblast         |    18 |    35 |    40 |    65 ||   158
       Stone Arrow       |       |       |    11 |   108 ||   119
Evoke: Wand              |       |       |       |     8 ||     8
  Use: Scroll            |       |     6 |    10 |     4 ||    20
       Potion            |       |     4 |       |     4 ||     8
 Stab: Sleeping          |     8 |     3 |     4 |       ||    15
       Distracted        |       |       |     1 |     1 ||     2
Armor: Robe              |    48 |   108 |   141 |    32 ||   329
       Steam dragon scal |       |       |       |   204 ||   204
Dodge: Dodged            |    72 |   123 |   177 |   285 ||   657

Table legend: (Time is in decaauts)
 A = Elapsed time spent in this place.
 B = Non-inter-level travel time spent in this place.
 C = Inter-level travel time spent in this place.
 D = Time resting spent in this place.
 E = Time spent auto-exploring this place.
 F = Levels seen in this place.
 G = Mean time per level.
                   A        B        C        D        E       F      G
               +--------+--------+--------+--------+--------+-----+--------+
         Total |  15840 |  15346 |    494 |   1990 |  10714 |  13 | 1218.5 |
       Dungeon |  14890 |  14409 |    481 |   1592 |  10460 |  11 | 1353.6 |
        Temple |     95 |     82 |     13 |      0 |     57 |   1 |   95.0 |
       Ossuary |    854 |    854 |      0 |    398 |    197 |   1 |  854.0 |
               +--------+--------+--------+--------+--------+-----+--------+

Top non-repeatable levels by time:
     D:1: 2068 daAuts
     D:9: 1980 daAuts
    D:10: 1562 daAuts
     D:4: 1384 daAuts
     D:3: 1296 daAuts
     D:2: 1295 daAuts
     D:5: 1269 daAuts
    D:11: 1205 daAuts
     D:7: 1029 daAuts
     D:6: 906 daAuts
     D:8: 891 daAuts
 Ossuary: 854 daAuts
  Temple: 95 daAuts
